 Dungeon Crawl Stone Soup version 0.19-a0-1019-g9c6a58d (webtiles) character file.

289 epen the Poker (level 6, -2/53 HPs)
             Began as a Merfolk Chaos Knight on July 25, 2016.
             Slain by Pikel
             ... wielding a +2 whip of freezing
              (3 damage)
             ... on level 4 of the Dungeon.
             The game lasted 00:05:36 (2949 turns).

epen the Poker (Merfolk Chaos Knight)               Turns: 2949, Time: 00:05:37

Health: -2/53      AC: 11    Str: 14 (17) XL:     6   Next: 31%
Magic:  6/6        EV: 13    Int:  9 (12) God:    Xom [..*...]
Gold:   131        SH:  0    Dex: 13 (15) Spells: 0 memorised, 5 levels left

rFire  . . .     SeeInvis .     a - +1 spear (chaos)
rCold  . . .     Gourm    .     b - +2 leather armour
rNeg   . . .     Faith    .     (no shield)
rPois  .         Spirit   .     (no helmet)
rElec  .         Dismiss  .     v - +1 cloak
rCorr  .         Reflect  .     (no gloves)
SustAt .         Harm     .     r - +0 pair of boots
MR     .....                    (no amulet)
Stlth  +.........               (no ring)
                                f - +3 ring of strength

@: not resistant to hostile enchantments, very unstealthy
A: change form in water, swift swim, fangs 1, slimy green scales 2, agile 1,
high mp 1, robust 1
a: Renounce Religion


You were on level 4 of the Dungeon.
You worshipped Xom.
You were a toy of Xom.
You were not hungry.

You visited 1 branch of the dungeon, and saw 4 of its levels.

You collected 131 gold pieces.

Inventory:

Hand Weapons
 a - a +1 spear of chaos (weapon)
Armour
 b - a +2 leather armour (worn)
 p - a +0 scale mail
 r - a +0 pair of boots (worn)
 v - a +1 cloak (worn)
 x - a +0 plate armour
Jewellery
 f - a +3 ring of strength (left hand)
Wands
 u - a wand of confusion (23/48)
Scrolls
 k - 2 scrolls of noise
 l - a scroll of magic mapping
 m - 2 scrolls of identify
Comestibles
 c - a bread ration
 h - a slice of pizza
 j - 3 meat rations
 o - a beef jerky
 w - 4 fruits


   Skills:
 + Level 4.5 Fighting
 * Level 6.6 Polearms
 * Level 2.3 Armour
 + Level 4.2 Dodging


You had 5 spell levels left.
You didn't know any spells.

Dungeon Overview and Level Annotations

Branches:
Dungeon (4/15)
 Temple: D:4-7

Altars:
Trog
Xom

Annotations:
D:4 Pikel


Innate Abilities, Weirdness & Mutations

You revert to your normal form in water.
You are very nimble and swift while swimming.
You have very sharp teeth.
You are mostly covered in slimy green scales. (AC +3)
You are agile. (Dex +2)
You have an increased reservoir of magic. (+10% MP)
You are robust. (+10% HP)


Message History

As you read the scroll labeled KOAVOBLAKHLA, it crumbles to dust.
It is a scroll of enchant weapon.
Enchant which weapon? (? for menu, Esc to quit)
Your +0 spear of chaos glows red for a moment.
The slave hits you but does no damage. Something hits you.
* * * LOW HITPOINT WARNING * * *
Something freezes you.
* * * LOW HITPOINT WARNING * * *
Unknown command.
Okay, then.
You aren't carrying any potions.
You hit something. Xom grants you insight.
You detect items!
The slave hits you.
* * * LOW HITPOINT WARNING * * *
Something hits you!
* * * LOW HITPOINT WARNING * * *
Something freezes you.
You die...
Xom roars with laughter!

.####.... ..##....
#######.##....
#.......##....
#............. .
#............# #..
###.......####.#
#...######.........#
#..
#†.appp@{.#.......#
##.
#..#########.......#
## #.......#
#########


You could see 3 slaves and a worker ant (inner flame).

Vanquished Creatures
  A sky beast (D:3)
  2 worker ants (D:4)
  8 adders
  A worm (D:2)
  3 dart slugs
  A giant gecko (D:2)
  6 orcs (D:3)
  4 ball pythons
  10 bats
  6 giant cockroaches
  7 goblins
  12 hobgoblins
  A giant newt (D:1)
  5 kobolds
  4 rats
71 creatures vanquished.

Notes
Turn   | Place    | Note
-------+----------+-------------------------------------------
     0 | D:1      | epen the Merfolk Chaos Knight began the quest for the Orb.
     0 | D:1      | Reached XP level 1. HP: 18/18 MP: 1/1
    26 | D:1      | XOM: divination: magic mapping
    49 | D:1      | XOM: harmless Fire miscast
    82 | D:1      | Reached XP level 2. HP: 22/24 MP: 2/2
   187 | D:1      | Reached skill level 5 in Polearms
   309 | D:1      | Reached skill level 1 in Armour
   469 | D:1      | Reached XP level 3. HP: 25/29 MP: 3/3
   591 | D:1      | XOM: silly message
  1075 | D:2      | Reached XP level 4. HP: 37/37 MP: 4/4
  1261 | D:2      | XOM: smoke on damage
  1302 | D:2      | HP: 1/37 [poisoned by an adder]
  1727 | D:2      | XOM: give mutations
  1727 | D:2      | Gained mutation: You are partially covered in slimy green scales. (AC +2) [Xom's grace]
  1727 | D:2      | Gained mutation: You are mostly covered in slimy green scales. (AC +3) [Xom's grace]
  1727 | D:2      | Gained mutation: You are robust. (+10% HP) [Xom's grace]
  1727 | D:2      | Gained mutation: You have an increased reservoir of magic. (+10% MP) [Xom's grace]
  2002 | D:3      | XOM: cloud trail
  2018 | D:3      | Noticed a sky beast
  2031 | D:3      | Killed a sky beast
  2031 | D:3      | Reached skill level 6 in Polearms
  2031 | D:3      | Reached XP level 5. HP: 37/46 MP: 5/5
  2041 | D:3      | Found a bloodstained altar of Trog.
  2179 | D:3      | Found a shimmering altar of Xom.
  2217 | D:3      | XOM: polymorph butterfly -> goblin
  2343 | D:3      | Reached XP level 6. HP: 53/53 MP: 6/6
  2504 | D:3      | XOM: god gift: plate armour {god gift}
  2678 | D:4      | Gained mutation: You are agile. (Dex +2) [potion of mutation]
  2678 | D:4      | Gained mutation: You have very sharp teeth. [potion of mutation]
  2917 | D:4      | Noticed a slave
  2918 | D:4      | Noticed Pikel
  2919 | D:4      | Noticed a slave
  2920 | D:4      | Noticed a slave
  2929 | D:4      | Noticed a slave
  2938 | D:4      | XOM: confuse monster(s)
  2949 | D:4      | XOM: divination: detect items
  2949 | D:4      | HP: 1/53 [something (8)]
  2949 | D:4      | Slain by Pikel

Vault maps used:
D:1:      lightli_iron_boxes, serial_forest, infiniplex_forest_zigzag_1,
          infiniplex_forest_corner_1, infiniplex_forest_straight_1,
          infiniplex_forest_zigzag_1, infiniplex_forest_clump_C,
          infiniplex_forest_clump_cross, infiniplex_forest_straight_2
D:2:      minmay_misc_feat_alley
D:3:      xom_butterflies, bloody_trog
D:4:      grunt_pakellas_salt, uniq_pikel, uniq_menkaure

Skill      XL: |  1  2  3  4  5 |
---------------+----------------+-----
Polearms       | 5 6 |  6.6
Dodging        | 3 4 |  4.2
Armour         | 1 2 |  2.3
Fighting       | 4 |  4.5

Action                   |  1- 3 |  4- 6 || total
-------------------------+-------+-------++-------
Melee: Spear             |   106 |   228 ||   334
       Bite              |       |     3 ||     3
  Use: Scroll            |       |     7 ||     7
       Potion            |       |     6 ||     6
 Stab: Petrifying        |     1 |       ||     1
       Sleeping          |     3 |       ||     3
  Eat: Chunk             |       |     5 ||     5
       Beef jerky        |       |     1 ||     1
Armor: Leather armour    |    12 |    45 ||    57
       Scale mail        |     6 |    25 ||    31
Dodge: Dodged            |    26 |   107 ||   133
